 Dungeon Crawl Stone Soup version 0.31-a0-1581-g41d5ff3e7b (webtiles) character file.

Game seed: 10674135245559348523

25 Amplified the Ducker (level 2, 0/24 HPs)
             Began as a Minotaur Alchemist on Jan 5, 2024.
             Killed by divine providence
             ... invoked by an orc priest
              (10 damage)
             ... on level 2 of the Dungeon.
             The game lasted 00:02:00 (904 turns).

Amplified the Ducker (Minotaur Alchemist)            Turns: 904, Time: 00:02:01

Health: 0/24       AC:  2    Str: 12    XL:     2   Next: 86%
Magic:  3/3        EV: 12    Int: 12    God:
Gold:   91         SH:  0    Dex: 10    Spells: 1/4 levels left

rFire   . . .        b - +0 dagger
rCold   . . .        (no shield)
rNeg    . . .        a - +0 robe
rPois   .            (helmet restricted)
rElec   .            (no cloak)
rCorr   .            (no gloves)
SInv    .            (no boots)
Will    .....        (no amulet)
Stlth   ++           (no ring)
HPRegen 0.24/turn    (no ring)
MPRegen 0.08/turn

%: no passive effects
@: no status effects
A: horns 2, retaliatory headbutt
a: no special abilities


You were on level 2 of the Dungeon.
You visited 1 branch of the dungeon, and saw 2 of its levels.

You collected 91 gold pieces.

Inventory:

Hand Weapons
 b - a +0 dagger (weapon)
Armour
 a - a +0 robe (worn)
Potions
 d - a potion of brilliance


   Skills:
 * Level 2.0 Fighting
 - Level 0.1 Armour
 - Level 2.2 Dodging
 - Level 1.5 Stealth
 * Level 1.9 Spellcasting
 - Level 0.6 Conjurations
 - Level 2.1 Alchemy


You had one spell level left.
You knew the following spells:

 Your Spells              Type           Power      Damage    Failure   Level
a - Sting                 Conj/Alch      16%        1d4       16%         1
b - Mercury Vapours       Alch/Air       6%         N/A       26%         2

Your spell library contained the following spells:

 Spells                   Type           Power      Damage    Failure   Level
 Mephitic Cloud           Conj/Alch/Air  3%         N/A       50%         3
 Olgreb's Toxic Radiance  Alch           6%         N/A       73%         4
 Sticky Flame             Fire/Alch      3%         2d4       86%         4


Dungeon Overview and Level Annotations

Branches:
Dungeon (2/15)

Altars:

Shops:
D:1 (

Annotations:
D:1 Get mace


Innate Abilities, Weirdness & Mutations

You have a pair of horns on your head.
You reflexively headbutt those who attack you in melee.


Message History

You see here 7 gold pieces.
A kobold is nearby!
A kobold is nearby!
Found an escape hatch in the ceiling.
The kobold shouts!
You hit the kobold but do no damage. The kobold barely misses you.
You hit the kobold but do no damage. The kobold barely misses you.
You closely miss the kobold. The kobold hits you but does no damage.
You barely miss the kobold. You headbutt the kobold.
You kill the kobold!
No target in view!
No target in view!
You now have 91 gold pieces (gained 7).
You open the door.
Found 5 stones.
There is an open door here.
An orc comes into view. It is wielding a +0 morningstar.
The orc shouts!
An orc is nearby!
An orc priest and an orc come into view.
The orc priest shouts!
The orc shouts!
You hear a loud squeak.
An orc comes into view. It is wielding a +0 flail.
A ball python comes into view.
Found a leather armour.
The ball python hisses angrily.
The orc closely misses you.
Okay, then.
You aren't carrying any scrolls.
Unknown command.
You aren't carrying any items that you can evoke.
Unknown command.
The orc shouts!
A rat comes into view.
The orc priest invokes the aid of Beogh against you.
Beogh smites you!
Ouch! That really hurt!
The orc attacks as it pursues you! The orc barely misses you.
The orc priest invokes the aid of Beogh against you.
Beogh smites you!
You die...

.......o#...####.# #
#......S#........# .#
#.......#....##..###.#.
#..........o.....#.....
.........#.#o#........
...........oS......#####
.............#o........#
....##.....#.#.......#
....+...#.##.#.#@...##
....##.>....)#.#.<.....#
....##..#........#...#.#
....##...#.............#
######...####.#####.####
##.....#.# .# #...<...#
# #########


You could see an orc priest, 2 orcs and a ball python.

Vanquished Creatures
  5 ball pythons (D:1)
  2 endoplasms (D:1)
  A giant cockroach (D:1)
  4 goblins (D:1)
  4 hobgoblins (D:1)
  A kobold (D:2)
  2 bats (D:1)
  A frilled lizard (D:1)
  A rat (D:1)
21 creatures vanquished.

Notes
Turn   | Place    | Note
-------+----------+-------------------------------------------
     0 | D:1      | Amplified the Minotaur Alchemist began the quest for the
                  | Orb.
     0 | D:1      | Reached XP level 1. HP: 14/14 MP: 1/1
   225 | D:1      | Reached skill level 1 in Fighting
   269 | D:1      | Reached XP level 2. HP: 23/23 MP: 1/3
   400 | D:1      | Found Peohair's Weapon Shoppe.
   486 | D:1      | Learned a level 2 spell: Mercury Vapours
   904 | D:2      | Killed from afar by an orc priest

Illustrated notes

Levels and vault maps discovered:
D:1:      ldierk_walled_garden_2, layout_basic, serial_shops, shop
D:2:      layout_basic, basic_ecumenical_altar, uniq_sigmund

Skill      XL: |  1  2 |
---------------+-------+-----
Fighting       | 1 2 |  2.0
Armour         | |  0.1
Dodging        | |  2.2
Stealth        | |  1.5
Spellcasting   | |  1.9
Conjurations   | |  0.6
Alchemy        | |  2.1

Action                     || total
---------------------------++-------
  Melee: Unarmed           ||     9
         Dagger            ||    34
         Punch             ||     1
         Headbutt          ||     3
   Cast: Sting             ||     9
    Use: Potion            ||     1
         Scroll            ||     3
   Stab: Sleeping          ||     4
 Armour: Robe              ||    14
  Dodge: Dodged            ||    30

Table legend: (Time is in decaauts)
 A = Elapsed time spent in this place.
 B = Non-inter-level travel time spent in this place.
 C = Inter-level travel time spent in this place.
 D = Time resting spent in this place.
 E = Time spent auto-exploring this place.
 F = Levels seen in this place.
 G = Mean time per level.
                   A        B        C        D        E       F      G
               +--------+--------+--------+--------+--------+-----+--------+
         Total |    903 |    877 |     26 |     52 |    612 |   2 |  451.5 |
       Dungeon |    903 |    877 |     26 |     52 |    612 |   2 |  451.5 |
               +--------+--------+--------+--------+--------+-----+--------+

Top non-repeatable levels by time:
     D:1: 829 daAuts
     D:2: 73 daAuts
